[Event "Team 45 45 League T85"]
[Site "Internet Chess Club"]
[Date "2020.07.11"]
[Round "2"]
[White "danielcao"]
[Black "Hal2001"]
[Result "1/2-1/2"]
[WhiteElo "1331"]
[BlackElo "1464"]
[Opening "Robatsch (modern) defense"]
[ECO "B06"]
[Time "21:01:23"]
[TimeControl "2700+45"]

1. e4 g6 2. d4 Bg7 3. Nf3 c5 4. c3 cxd4 5. cxd4 d5 6. exd5 Nf6 7. Nc3 Nxd5 8.
Nxd5 Qxd5 9. Be3 O-O 10. Be2 Nc6 11. O-O Bf5 12. b3 Qd6 13. d5 Nb4 14. Bc4 Be4
15. a3 Nxd5 16. Bxd5 Bxd5 17. Rc1 Rfd8 18. Bc5 Qd7 19. Rb1 b6 20. Be3 Qb7 21.
Qe2 Bxf3 22. Qxf3 Qxf3 23. gxf3 Rd3 24. Rfd1 Rad8 25. Rxd3 Rxd3 26. Kf1 Rc3 27.
Rd1 f5 28. Rd8+ Kf7 29. Rd7 Rxb3 30. Rxa7 Ke6 31. Ra6 Kd5 32. Bxb6 Rxf3 33. Ra5+
Kc6 34. Be3 Rh3 35. Kg2 Rh5 36. Rc5+ Kd6 37. Rc4 Be5 38. h4 h6 39. f4 Bf6 40. a4
Rxh4 41. a5 Rg4+ 42. Kf3 Rh4 43. Kg2 g5 44. a6 gxf4 45. a7 Rg4+ 46. Kf3 Rg8 47.
Bxf4+ Be5 48. Bxh6 Ra8 49. Be3 Kd5 50. Rb4 Kc6 51. Ra4 Bc7 52. Rc4+ Kb7 53. Rb4+
Kc6 54. Rc4+ Kb7 55. Rb4+ Kc6 56. Rc4+ {Game drawn by repetition} 1/2-1/2

[Event "Team 45 45 League T85"]
[Site "Internet Chess Club"]
[Date "2020.07.12"]
[Round "2"]
[White "Pawnchain"]
[Black "dabodhi"]
[Result "1-0"]
[WhiteElo "1444"]
[BlackElo "1315"]
[Opening "Queen's pawn, Mason variation"]
[ECO "D00"]
[Time "15:03:36"]
[TimeControl "2700+45"]

1. d4 d5 2. Bf4 Nf6 3. e3 e6 4. Nf3 Bd6 5. Bg3 O-O 6. c3 b6 7. Nbd2 c5 8. Bd3
Bb7 9. Ne5 Nc6 10. Ndf3 Ne4 11. Qc2 f5 12. Nxc6 Bxc6 13. dxc5 bxc5 14. Bxd6 Qxd6
15. Rd1 Qe7 16. Ne5 Be8 17. c4 Qf6 18. Nf3 d4 19. exd4 cxd4 20. Bxe4 fxe4 21.
Nxd4 Bg6 22. Qe2 Rad8 23. Qe3 e5 24. Nb3 Rxd1+ 25. Kxd1 Bh5+ 26. Kc1 Qc6 27. Nd2
Bg6 28. Re1 Rc8 29. b3 Rd8 30. Nxe4 Qd7 31. f3 Bxe4 32. fxe4 a5 33. Qe2 Qd4 34.
Kc2 Rb8 35. Rd1 Qa7 36. Qd3 a4 37. Qd5+ Kf8 38. Qd6+ Kf7 39. Qd7+ Qxd7 40. Rxd7+
Kf6 41. Rd5 axb3+ 42. axb3 Ra8 43. Kc3 Ra2 44. Rd2 Ra1 45. c5 Rc1+ 46. Kb4 h5
47. Kb5 Rb1 48. b4 Ra1 49. Kb6 Ra4 50. b5 Rxe4 51. c6 Rd4 52. Rc2 Ke7 53. c7
Rd6+ 54. Kb7 Rd7 55. b6 {Black resigns} 1-0

[Event "Team 45 45 League T85"]
[Site "Internet Chess Club"]
[Date "2020.07.09"]
[Round "2"]
[White "Insan996"]
[Black "DaveTheRook"]
[Result "1-0"]
[WhiteElo "1644"]
[BlackElo "1557"]
[Opening "Queen's Indian: 4.Nc3"]
[ECO "E12"]
[Time "18:30:57"]
[TimeControl "2700+45"]

1. d4 Nf6 2. Nf3 e6 3. c4 b6 4. Nc3 Bb7 5. Bg5 Be7 6. e3 O-O 7. Be2 Re8 8. O-O
d5 9. Rc1 Nbd7 10. Nd2 h6 11. Bh4 c6 12. Bf3 Nf8 13. cxd5 cxd5 14. Nb5 Ba6 15.
Be2 Bxb5 16. Bxb5 N8d7 17. Qa4 a5 18. Bxf6 Nxf6 19. Bxe8 Nxe8 20. Qc6 Bd6 21.
Nf3 Ra7 22. Qc8 Qe7 23. Rc6 Bc7 24. Ne5 Kh7 25. Rfc1 Nd6 26. Qd7 Qxd7 27. Nxd7
Bd8 28. Rxd6 Be7 29. Rxb6 Rxd7 30. Ra6 Rb7 31. Rc2 Ba3 32. b3 Bb4 33. g3 Kg6 34.
Rac6 Kf6 35. Rc7 Rb8 36. Ra7 Re8 37. Rcc7 Re7 38. Rxe7 Bxe7 39. Rxa5 {Black
resigns} 1-0

[Event "Team 45 45 League T85"]
[Site "Internet Chess Club"]
[Date "2020.07.16"]
[Round "2"]
[White "Constrictor"]
[Black "nidusin2"]
[Result "1-0"]
[WhiteElo "1562"]
[BlackElo "1580"]
[Opening "Nimzovich-Larsen attack: modern variation"]
[ECO "A01"]
[Time "20:01:35"]
[TimeControl "2700+45"]

1. b3 e5 2. Bb2 d6 3. e3 Nf6 4. c4 Bf5 5. Nf3 Be7 6. Be2 Nc6 7. Nc3 h6 8. O-O
Qd7 9. d4 e4 10. d5 Nb4 11. Nd4 Bg6 12. a3 Na6 13. b4 c6 14. dxc6 bxc6 15. c5
Nc7 16. cxd6 Qxd6 17. Rc1 Ne6 18. Na4 Nxd4 19. Qxd4 Qxd4 20. Bxd4 Kd7 21. Rfd1
Nd5 22. Bxg7 Rh7 23. Be5 Ke6 24. Bg3 Kf5 25. Rxc6 Nf6 26. Nc3 Rd8 27. Rxd8 Bxd8
28. Rc8 Bb6 29. Bc7 Nd7 30. Bxb6 axb6 31. Rc7 Ne5 32. Na4 f6 33. Rxh7 Bxh7 34.
Nxb6 Bg8 35. a4 Nd3 36. b5 Bb3 37. Kf1 Ke6 38. a5 Kd6 39. a6 {Black resigns} 1-0

[Event "Team 45 45 League T85"]
[Site "Internet Chess Club"]
[Date "2020.07.11"]
[Round "2"]
[White "Kingfisher75"]
[Black "Denis240964"]
[Result "1/2-1/2"]
[WhiteElo "1534"]
[BlackElo "1442"]
[Opening "Queen's pawn game"]
[ECO "D02"]
[Time "13:01:02"]
[TimeControl "2700+45"]

1. d4 d5 2. Nf3 e6 3. g3 Nf6 4. Bg2 c5 5. O-O Nc6 6. c4 Be7 7. cxd5 Nxd5 8. dxc5
Bxc5 9. e4 Nde7 10. Qxd8+ Nxd8 11. Nc3 Ndc6 12. Bf4 O-O 13. Na4 Bd4 14. Nxd4
Nxd4 15. Bd6 Re8 16. Rfd1 Nec6 17. e5 Rd8 18. Rac1 Ne2+ 19. Kh1 Nxc1 20. Rxc1
Nd4 21. Nc3 Nf5 22. Ne4 Nxd6 23. Nxd6 Rb8 24. Rc7 f6 25. f4 Kf8 26. Rf7+ Kg8 27.
Rc7 Kf8 28. Rf7+ Kg8 29. Rc7 Kf8 {Game drawn by repetition} 1/2-1/2

[Event "Team 45 45 League T85"]
[Site "Internet Chess Club"]
[Date "2020.07.09"]
[Round "2"]
[White "mongmong"]
[Black "seattleblues"]
[Result "1-0"]
[WhiteElo "1442"]
[BlackElo "1244"]
[Opening "Queen's pawn: Yusupov-Rubinstein system"]
[ECO "A46"]
[Time "19:35:20"]
[TimeControl "2700+45"]

1. d4 Nf6 2. Nf3 e6 3. e3 b6 4. Bd3 Bb7 5. O-O d5 6. Nbd2 Be7 7. b3 O-O 8. Bb2
Nbd7 9. c4 Ba6 10. Rc1 c6 11. Qe2 Rc8 12. Rfd1 Re8 13. a3 Nf8 14. Ne5 Bb7 15. e4
dxc4 16. Rxc4 c5 17. dxc5 Rxc5 18. Rxc5 Bxc5 19. Bb5 Re7 20. Bc6 Qc8 21. Bxb7
Qxb7 22. b4 Bd6 23. Nec4 Bb8 24. Bxf6 gxf6 25. Nf3 f5 26. exf5 exf5 27. Qa2 Qe4
28. Ne3 f4 29. Ng4 Qe6 30. Qxe6 Rxe6 31. Re1 Rxe1+ 32. Nxe1 Kg7 33. f3 Bd6 34.
Nd3 Ng6 35. Ngf2 Be7 36. Nh3 Bd6 37. Nhf2 Be7 38. Ne4 Bf6 39. Nd6 a6 40. Ne8+
{Black resigns} 1-0

[Event "Team 45 45 League T85"]
[Site "Internet Chess Club"]
[Date "2020.07.12"]
[Round "2"]
[White "JeffH"]
[Black "Demachaeron"]
[Result "0-1"]
[WhiteElo "1739"]
[BlackElo "1721"]
[Opening "Scandinavian (center counter) defense"] [ECO "B01"] [NIC "SD.02"] [Time "18:02:26"] [TimeControl "2700+45"]

1. e4 d5 2. exd5 Qxd5 3. Nc3 Qd8 4. d4 Nf6 5. Nf3 Bg4 6. h3 Bxf3 7. Qxf3 c6 8.
Bf4 e6 9. O-O-O Be7 10. g4 Nd5 11. Nxd5 Qxd5 12. Qxd5 cxd5 13. Bb5+ Nc6 14. c3
Rc8 15. Kd2 a6 16. Bd3 Kd7 17. h4 Bd6 18. Be3 g6 19. h5 Ne7 20. Bg5 Nc6 21. Bf6
Rhg8 22. hxg6 hxg6 23. Rh7 Ke8 24. Rdh1 e5 25. dxe5 Be7 26. f4 Bxf6 27. exf6 Rc7
28. Rg7 Kf8 29. Rgh7 Nd8 30. g5 Ne6 31. Ke3 Rd7 32. Re1 Ke8 33. Kf3 Kd8 34. Kg4
Kc7 35. Bc2 Kd6 36. Bb3 Rf8 37. Rd1 Kc6 38. c4 d4 39. Ba4+ b5 40. cxb5+ axb5 41.
Bb3 Nc5 42. Bc2 d3 43. Bb1 Re8 44. Rh2 Re3 45. Rf2 Rd4 46. Rf3 Re2 47. Bxd3 Nxd3
48. Rfxd3 Rxd3 49. Rxd3 Rxb2 50. a3 Rg2+ 51. Kf3 Rg1 52. Rc3+ Kd6 53. Re3 Rf1+
54. Kg3 Rg1+ 55. Kf2 Ra1 56. f5 Ra2+ 57. Kg3 gxf5 58. g6 fxg6 59. f7 f4+ 60.
Kxf4 Rf2+ 61. Rf3 Rxf3+ 62. Kxf3 Ke7 63. f8=Q+ Kxf8 64. Ke4 Kg7 65. Kd5 g5
{White resigns} 0-1

[Event "Team 45 45 League T85"]
[Site "Internet Chess Club"]
[Date "2020.07.10"]
[Round "2"]
[White "KidRattler"]
[Black "Redman1"]
[Result "1/2-1/2"]
[WhiteElo "1669"]
[BlackElo "1580"]
[Opening "Sicilian: Smith-Morra gambit"]
[ECO "B21"]
[Time "14:00:32"]
[TimeControl "2700+45"]

1. e4 c5 2. d4 cxd4 3. c3 d5 4. exd5 Qxd5 5. cxd4 Nc6 6. Be3 Nf6 7. Nc3 Qd8 8.
Bb5 Bd7 9. Nf3 e6 10. O-O Be7 11. Rc1 O-O 12. Qe2 a6 13. Bxc6 Bxc6 14. Ne5 Bd5
15. Rfd1 Rc8 16. f3 Bb4 17. a3 Bxc3 18. Rxc3 Rxc3 19. bxc3 b5 20. Bg5 Qc7 21.
Bxf6 gxf6 22. Ng4 f5 23. Nf6+ Kg7 24. Nxd5 exd5 25. Rd3 Qd6 26. Re3 Qxa3 27. f4
Rc8 28. Qe1 Rc4 29. h3 Qd6 30. Qh4 Rc8 31. Rg3+ Kh8 32. Rg5 Rg8 33. Rxf5 Qg6 34.
Qf6+ Qxf6 35. Rxf6 Rg3 36. Rxa6 Rxc3 37. Rd6 b4 38. Rxd5 b3 39. Rb5 Rd3 40. f5
Kg7 41. Rb6 Rxd4 42. Rxb3 h5 43. Kh2 Rf4 44. Kg3 Rxf5 45. Kh4 Rd5 46. Rg3+ Kh6
47. Rf3 Rd4+ 48. g4 hxg4 49. hxg4 Kg6 50. Rf5 f6 51. Rf3 Rb4 52. Kg3 Kg5 53.
Rf5+ Kg6 54. Ra5 Rb1 55. Ra3 Kg5 56. Ra8 Rg1+ 57. Kh3 Rh1+ 58. Kg3 Rg1+ 59. Kf3
Rf1+ 60. Kg3 Rg1+ 61. Kh3 Rh1+ 62. Kg3 Rg1+ {Game drawn by repetition} 1/2-1/2

[Event "Team 45 45 League T85"]
[Site "Internet Chess Club"]
[Date "2020.07.13"]
[Round "2"]
[White "GoIrish"]
[Black "Validus"]
[Result "0-1"]
[WhiteElo "1498"]
[BlackElo "1422"]
[Opening "Réti: King's Indian attack (Barcza system)"]
[ECO "A07"]
[Time "19:35:40"]
[TimeControl "2700+45"]

1. Nf3 d5 2. g3 c6 3. Bg2 Nf6 4. O-O Bf5 5. d3 h6 6. Nbd2 e6 7. b3 Be7 8. Bb2
O-O 9. c4 Nbd7 10. Rc1 Re8 11. cxd5 exd5 12. a3 a5 13. Nd4 Bg6 14. e4 dxe4 15.
dxe4 Ne5 16. Qe2 Bh5 17. f3 Bxa3 18. Nxc6 Nxc6 19. Bxa3 Nd4 20. Qf2 Bg6 21. Bb2
Nc6 22. Rfd1 Qe7 23. Nc4 Rad8 24. Ba3 Qe6 25. Bf1 Nb4 26. Nxa5 Nc6 27. Bc4 Rxd1+
28. Rxd1 Qc8 29. Nxc6 bxc6 30. Bc5 Nd7 31. Be3 Ne5 32. Be2 f6 33. f4 Ng4 34.
Bxg4 Qxg4 35. Qc2 Bxe4 36. Qc4+ Kh7 37. Re1 Qf3 38. Re2 Qh1+ 39. Kf2 Qxh2+ 40.
Ke1 Qxg3+ 41. Kd2 Rd8+ 42. Kc3 Bd3 43. Qc5 Bxe2 44. Qf5+ Kh8 45. Qe4 Qxe3+
{White resigns} 0-1

[Event "Team 45 45 League T85"]
[Site "Internet Chess Club"]
[Date "2020.07.10"]
[Round "2"]
[White "bardu"]
[Black "xingon"]
[Result "0-1"]
[WhiteElo "1308"]
[BlackElo "1404"]
[Opening "Queen's pawn game"]
[ECO "A61"]
[Time "10:01:23"]
[TimeControl "2700+45"]

1. d4 Nf6 2. c4 e6 3. Nc3 c5 4. d5 d6 5. e4 Be7 6. Bd3 O-O 7. f4 Bd7 8. e5 Ne8
9. Qh5 f5 10. exf6 Nxf6 11. Qf3 Qc7 12. g4 exd5 13. g5 Ne8 14. Qxd5+ Kh8 15. Nf3
Bc6 16. Qe6 Qd7 17. Qxd7 Nxd7 18. Rf1 Bxf3 19. Rxf3 Bxg5 20. Rh3 Bh6 21. Nd5
Nef6 22. Be3 Nxd5 23. cxd5 Nf6 24. Bc4 Rae8 25. Kd2 a6 26. a4 Rb8 27. Rd1 b5 28.
axb5 axb5 29. Ba2 Ra8 {White resigns} 0-1

[Event "Team 45 45 League T85"]
[Site "Internet Chess Club"]
[Date "2020.07.10"]
[Round "2"]
[White "fileman"]
[Black "Ohanessian"]
[Result "0-1"]
[WhiteElo "1883"]
[BlackElo "1979"]
[Opening "Alekhine's defense: Scandinavian variation"]
[ECO "B02"]
[Time "16:00:54"]
[TimeControl "2700+45"]

1. e4 Nf6 2. Nc3 d5 3. exd5 Nxd5 4. d4 Nxc3 5. bxc3 g6 6. Nf3 Bg7 7. Bd3 c5 8.
O-O Nc6 9. Be3 Qa5 10. Bd2 Bg4 11. Be4 O-O 12. Rb1 Rab8 13. h3 Bxf3 14. Bxf3
Rfd8 15. Qe2 cxd4 16. cxd4 Qc7 17. c3 e6 18. Qb5 Ne7 19. Rfd1 b6 20. Qb3 Rbc8
21. Rbc1 Nf5 22. Bg5 Rd7 23. g4 Nd6 24. Bf4 Qc4 25. Qb2 e5 26. Bxe5 Bh6 27. Rc2
f6 28. Bxf6 Rf8 29. g5 Bxg5 30. Be2 Qd5 31. Be5 Rxf2 32. Kxf2 Rf7+ 33. Bf3 Qxf3+
{White resigns} 0-1

[Event "Team 45 45 League T85"]
[Site "Internet Chess Club"]
[Date "2020.07.10"]
[Round "2"]
[White "achessman"]
[Black "LookImYourVader"]
[Result "1-0"]
[WhiteElo "1875"]
[BlackElo "1773"]
[Opening "English: Neo-Catalan"]
[ECO "A13"]
[Time "14:10:12"]
[TimeControl "2700+45"]

1. Nf3 Nf6 2. c4 e6 3. g3 d5 4. b3 Nbd7 5. Bg2 b6 6. O-O Be7 7. Bb2 O-O 8. e3
Bb7 9. Qe2 c5 10. Rd1 Qc7 11. Nc3 Rac8 12. Rac1 Rfd8 13. d4 dxc4 14. bxc4 cxd4
15. Nb5 Qb8 16. exd4 a6 17. Na3 h6 18. Nc2 Be4 19. Ne3 Bb4 20. d5 exd5 21. Nxd5
Bxd5 22. cxd5 Rxc1 23. Bxc1 b5 24. Nd4 Re8 25. Qc2 Bd6 26. Nc6 Qc7 27. Be3 Ne5
28. Bd4 Nxc6 29. Qxc6 Qxc6 30. dxc6 Bc7 31. Bxf6 gxf6 32. Rd7 Bb6 33. Bd5 Re2
34. c7 Bxc7 35. Rxc7 {Black resigns} 1-0

[Event "Team 45 45 League T85"]
[Site "Internet Chess Club"]
[Date "2020.07.12"]
[Round "2"]
[White "Ehab"]
[Black "ulfbert"]
[Result "1-0"]
[WhiteElo "1820"]
[BlackElo "1753"]
[Opening "Sicilian: Nimzovich-Rossolimo attack (without ...d6)"]
[ECO "B30"]
[Time "14:02:07"]
[TimeControl "2700+45"]

1. e4 c5 2. Nf3 Nc6 3. Bb5 d6 4. O-O Nf6 5. e5 dxe5 6. Nxe5 Qd5 7. Re1 e6 8. Nc3
Qd6 9. d3 Nd7 10. Bf4 Ndxe5 11. Bxe5 Qd7 12. Re3 a6 13. Bxc6 Qxc6 14. Qh5 b6 15.
Rae1 Ra7 16. Bb8 Rb7 17. Be5 h6 18. Ne4 Rd7 19. c4 Bb7 20. f3 Kd8 21. Nf6 Re7
22. d4 cxd4 23. Bxd4 gxf6 24. Bxf6 Rg8 25. Qxf7 Kc8 26. Bxe7 {Black resigns} 1-0

[Event "Team 45 45 League T85"]
[Site "Internet Chess Club"]
[Date "2020.07.12"]
[Round "2"]
[White "Portola"]
[Black "trombone"]
[Result "0-1"]
[WhiteElo "1706"]
[BlackElo "1793"]
[Opening "Queen's pawn game"]
[ECO "D02"]
[Time "14:00:17"]
[TimeControl "2700+45"]

1. d4 d5 2. Nf3 e6 3. c3 c5 4. e3 Nc6 5. Bd3 a6 6. a4 b6 7. b3 Bd6 8. Bb2 Nf6 9.
Nbd2 O-O 10. O-O Bb7 11. Qc2 Rc8 12. Rac1 Re8 13. Qb1 e5 14. dxe5 Nxe5 15. Nxe5
Bxe5 16. Nf3 Bb8 17. Bf5 Rc6 18. Rcd1 Qe7 19. c4 dxc4 20. Bxf6 Rxf6 21. Rd7 Qf8
22. Rxb7 Qd6 23. Rd1 Qc6 24. Rdd7 g6 25. Bh3 a5 26. bxc4 h6 27. Qd1 Bd6 28. Qa1
Bf8 29. Rbc7 Qe4 30. Qf1 Bd6 31. Ra7 Qc2 32. Rab7 Qxa4 33. Ra7 Qc2 34. Qe1 Qxc4
35. Rdb7 Bb8 36. Rxb8 Rxb8 37. Ne5 Qb3 38. Nd7 Rd6 39. Bg4 Rd8 40. Qa1 f5 41.
Bf3 R8xd7 42. Ra8+ Rd8 43. Ra7 Rd1+ {White resigns} 0-1

[Event "Team 45 45 League T85"]
[Site "Internet Chess Club"]
[Date "2020.07.12"]
[Round "2"]
[White "laurenpar"]
[Black "PolishRyszard"]
[Result "1/2-1/2"]
[WhiteElo "1864"]
[BlackElo "1810"]
[Opening "Pirc defense"]
[ECO "B07"]
[Time "03:31:21"]
[TimeControl "2700+45"]

1. d4 d6 2. e4 Nf6 3. Nc3 Nbd7 4. f4 e5 5. Nf3 exd4 6. Qxd4 c6 7. Bd2 d5 8. exd5
Bc5 9. Qd3 Qe7+ 10. Be2 cxd5 11. O-O-O O-O 12. h3 Bb6 13. Ne5 Nxe5 14. fxe5 Qxe5
15. g4 Re8 16. Bf3 Be6 17. Rde1 Qd4 18. Qxd4 Bxd4 19. Nb5 Bb6 20. Bc3 Ne4 {Game
drawn by mutual agreement} 1/2-1/2

[Event "Team 45 45 League T85"]
[Site "Internet Chess Club"]
[Date "2020.07.13"]
[Round "2"]
[White "walkover"]
[Black "martineden"]
[Result "1/2-1/2"]
[WhiteElo "1752"]
[BlackElo "1897"]
[Opening "QGD Slav: 4.Nc3"]
[ECO "D15"]
[Time "10:00:03"]
[TimeControl "2700+45"]

1. d4 d5 2. c4 c6 3. Nf3 Nf6 4. Nc3 a6 5. Qc2 dxc4 6. e4 b5 7. b3 cxb3 8. axb3
Bg4 9. Be3 Bxf3 10. gxf3 e6 11. Bd3 Be7 12. O-O h6 13. Kh1 a5 14. Rg1 g5 15. e5
Nd5 16. Nxd5 Qxd5 17. Be4 Qd7 18. f4 gxf4 19. Bxf4 h5 20. Be3 h4 21. f4 h3 22.
f5 exf5 23. Bxf5 Qd5+ 24. Be4 Qe6 25. Bf5 Qd5+ 26. Be4 Qd7 27. Bf5 Qd5+ 28. Be4
Qd7 {Game drawn by mutual agreement} 1/2-1/2

[Event "Team 45 45 League T85"]
[Site "Internet Chess Club"]
[Date "2020.07.09"]
[Round "2"]
[White "fishhead"]
[Black "pishd"]
[Result "1/2-1/2"]
[WhiteElo "1728"]
[BlackElo "1792"]
[Opening "French: Rubinstein variation"]
[ECO "C10"]
[Time "11:06:22"]
[TimeControl "2700+45"]

1. e4 e6 2. d4 d5 3. Nc3 dxe4 4. Nxe4 Nd7 5. Nf3 Ngf6 6. Ng3 c5 7. Bc4 b5 8. Bd3
c4 9. Be2 Bb7 10. O-O Bd6 11. a4 a6 12. b3 cxb3 13. c3 bxa4 14. Rxa4 Bc6 15.
Rxa6 Rxa6 16. Bxa6 Qa5 17. Qd3 O-O 18. Bb2 Qa2 19. Qe2 Bxf3 20. gxf3 Ba3 21.
Bxa3 Qxa3 22. Bd3 Nd5 23. Qd2 Qa2 24. Qxa2 bxa2 25. Ne2 Ra8 26. Ra1 Ra3 27. Be4
f5 28. Bxd5 exd5 29. Kf1 Nb6 30. Ke1 Nc4 31. Kd1 Na5 32. Kc2 Nc4 33. Nc1 Ra6 34.
Rxa2 Rh6 35. Kd3 Rxh2 36. Ke2 Kf7 37. Nd3 g5 38. Nb4 g4 39. fxg4 fxg4 40. Nxd5
Ke6 41. Nf4+ Kf5 42. Nd3 Ke4 43. Ra8 g3 44. Re8+ Kd5 45. Rg8 gxf2 46. Nxf2 Nd6
47. Rg5+ Kc4 48. Rc5+ Kb3 49. Ke3 Nc4+ 50. Kf3 Kxc3 51. d5 Kd4 52. Rb5 Nd6 {Game
drawn by mutual agreement} 1/2-1/2

[Event "Team 45 45 League T85"]
[Site "Internet Chess Club"]
[Date "2020.07.08"]
[Round "2"]
[White "justice02"]
[Black "bobhill"]
[Result "0-1"]
[WhiteElo "1558"]
[BlackElo "1881"]
[Opening "Sicilian"]
[ECO "B50"]
[Time "20:35:33"]
[TimeControl "2700+45"]

1. e4 c5 2. Nf3 d6 3. c3 g6 4. Bc4 Bg7 5. Ng5 e6 6. O-O Qxg5 7. d4 Qe7 8. dxc5
dxc5 9. Bf4 e5 10. Be3 Nf6 11. f3 O-O 12. Qe2 b6 13. Rd1 a5 14. Na3 Ba6 15. Bg5
Bxc4 16. Qxc4 h6 17. Bh4 g5 18. Bf2 Nbd7 19. Nb5 Rfd8 20. Rd6 Ne8 21. Rd2 Nf8
22. Re2 Nd6 23. Nxd6 Rxd6 24. Kf1 Rad8 25. Ke1 Ne6 26. g3 Qd7 27. Be3 Rd1+ 28.
Rxd1 Qxd1+ 29. Kf2 Qh1 {White resigns} 0-1

[Event "Team 45 45 League T85"]
[Site "Internet Chess Club"]
[Date "2020.07.11"]
[Round "2"]
[White "room-matt"]
[Black "fishhead"]
[Result "1-0"]
[WhiteElo "1807"]
[BlackElo "1715"]
[Opening "Alekhine's defense: exchange variation"]
[ECO "B02"]
[Time "10:36:22"]
[TimeControl "2700+45"]

1. e4 Nf6 2. e5 Nd5 3. c4 Nb6 4. d4 d6 5. exd6 exd6 6. Nc3 Bf5 7. Be2 Be7 8. Nf3
O-O 9. O-O Nc6 10. Re1 d5 11. c5 Nc8 12. Bf4 a6 13. Qb3 b5 14. a4 Be4 15. axb5
Bxf3 16. bxc6 Bxe2 17. Rxe2 Bf6 18. Nxd5 Bxd4 19. Qc4 Bf6 20. Bxc7 {Black
resigns} 1-0

[Event "Team 45 45 League T85"]
[Site "Internet Chess Club"]
[Date "2020.07.13"]
[Round "2"]
[White "Zugzwanged"]
[Black "cityprosecutor"]
[Result "1-0"]
[WhiteElo "1679"]
[BlackElo "1673"]
[Opening "Pirc: classical (two knights) system"]
[ECO "B08"]
[Time "14:05:17"]
[TimeControl "2700+45"]

1. e4 d6 2. d4 Nf6 3. Nc3 g6 4. Nf3 Bg7 5. Be3 c6 6. Qd2 Qa5 7. Bd3 Bg4 8. e5
dxe5 9. Nxe5 Nbd7 10. f4 Nxe5 11. dxe5 Nd5 12. Nxd5 Qxd2+ 13. Kxd2 cxd5 14. h3
Bd7 15. c4 dxc4 16. Bxc4 Bc6 17. Rhg1 Rd8+ 18. Ke2 a6 19. Rac1 Rc8 20. g3 O-O
21. Bb6 Bh6 22. Ke3 Kg7 23. Rgd1 e6 24. Bc5 Rfd8 25. Rxd8 Rxd8 26. Be7 Rd7 27.
Bd6 Kg8 28. Bxa6 Bf8 29. Bxf8 Kxf8 30. Be2 Ke7 31. h4 h5 32. Rd1 Bd5 33. a3 Rc7
34. Kd2 Rd7 35. Ke3 Rc7 36. Kd2 Rd7 37. Rc1 Bc6+ 38. Ke3 Kd8 39. Rd1 Bd5 40. Rc1
Bc6 41. Rd1 Bd5 42. g4 hxg4 43. Bxg4 Rc7 44. Bf3 Rd7 45. h5 gxh5 46. Bxh5 Ke7
47. Bf3 f6 48. Bxd5 exd5 49. Kd4 fxe5+ 50. Kxe5 Rc7 51. Rxd5 Rc2 52. Rb5 Re2+
53. Kf5 {Black resigns} 1-0

[Event "Team 45 45 League T85"]
[Site "Internet Chess Club"]
[Date "2020.07.11"]
[Round "2"]
[White "Egmont"]
[Black "Yedixon"]
[Result "0-1"]
[WhiteElo "1719"]
[BlackElo "1630"]
[Opening "Old Indian: Tartakower (Wade) variation"]
[ECO "A41"]
[Time "10:02:09"]
[TimeControl "2700+45"]

1. d4 d6 2. Nf3 Bg4 3. Nbd2 Nf6 4. c3 e6 5. Qb3 Qc8 6. e3 a6 7. Bd3 Be7 8. e4
O-O 9. e5 Nfd7 10. Qc2 g6 11. h3 Bxf3 12. Nxf3 Nc6 13. Bf4 b5 14. h4 dxe5 15.
Nxe5 Ncxe5 16. Bxe5 Bf6 17. h5 Nxe5 18. dxe5 Bxe5 19. hxg6 fxg6 20. O-O-O Qe8
21. Rh3 c5 22. Rdh1 Ra7 23. Qe2 Bb8 24. Rh6 Bf4+ 25. Kb1 Bxh6 26. Rxh6 Rg7 27.
f3 c4 28. Be4 Qd7 29. a3 Rd8 30. Bc2 Qd5 31. Qf2 Qg5 32. Rh1 Rgd7 33. Qe2 e5 34.
Qf2 Rd2 35. Qa7 R8d7 36. Qa8+ Kg7 37. Qxa6 Qxg2 38. Rc1 R2d5 39. Be4 Rd2 40. Bc2
Qxf3 41. Qxb5 Qd5 42. Qa4 e4 43. Re1 Re7 44. Qb4 Re6 45. Rf1 Rd6 46. Qb8 Rd8 47.
Qc7+ Rd7 48. Qb8 Qd6 49. Qe8 Rxc2 {White resigns} 0-1

[Event "Team 45 45 League T85"]
[Site "Internet Chess Club"]
[Date "2020.07.11"]
[Round "2"]
[White "trombone"]
[Black "handsomematch"]
[Result "1-0"]
[WhiteElo "1780"]
[BlackElo "1654"]
[Opening "Giuoco Piano"]
[ECO "C54"]
[Time "12:02:52"]
[TimeControl "2700+45"]

1. e4 e5 2. Nf3 Nc6 3. Bc4 Bc5 4. c3 Nf6 5. d3 a6 6. Bb3 d6 7. Nbd2 Bg4 8. Nf1
O-O 9. Ng3 h6 10. h3 Be6 11. Bc2 d5 12. Qe2 d4 13. O-O Qd7 14. Kh2 Rad8 15. Nh4
Ne7 16. Qf3 Ng4+ 17. Kh1 Nf6 18. Bxh6 Bxh3 19. Nh5 Nxh5 20. Qxh5 gxh6 21. Qxh6
Be6 22. f4 f6 23. f5 Nxf5 24. exf5 Bd5 25. Ng6 Qg7 26. Qxg7+ Kxg7 27. Nxf8 Rxf8
28. b4 Bb6 29. c4 Bxc4 30. dxc4 d3 31. c5 Bxc5 32. bxc5 dxc2 33. Rac1 Rh8+ 34.
Kg1 Rh4 35. Rxc2 Rb4 36. Rf3 Kf7 37. Rb3 Rxb3 38. axb3 Ke7 39. c6 b6 40. Rd2 a5
41. Rd7+ Ke8 42. Rxc7 Kd8 43. Rf7 b5 44. Rxf6 a4 45. bxa4 b4 46. Rd6+ Kc7 47.
Rd5 Kxc6 48. Rb5 b3 {Black resigns} 1-0

[Event "Team 45 45 League T85"]
[Site "Internet Chess Club"]
[Date "2020.07.11"]
[Round "2"]
[White "ChessJayden"]
[Black "rookmaster23"]
[Result "0-1"]
[WhiteElo "1645"]
[BlackElo "1672"]
[Opening "Sicilian: Najdorf, Opocensky variation"]
[ECO "B92"]
[Time "14:00:10"]
[TimeControl "2700+45"]

1. e4 c5 2. Nf3 d6 3. d4 cxd4 4. Nxd4 Nf6 5. Nc3 a6 6. Be2 e5 7. Nb3 Be7 8. O-O
O-O 9. Be3 Be6 10. f4 exf4 11. Bxf4 Nc6 12. Nd5 Bxd5 13. exd5 Ne5 14. Qd4 Nfd7
15. c3 Bf6 16. Qd2 Nb6 17. Bxe5 Bxe5 18. Rf3 Rc8 19. Rh3 Qc7 20. Bd3 h6 21. g4
Nxd5 22. Bf5 Nf4 23. Rf3 Qb6+ 24. Nd4 Ne6 25. Bxe6 fxe6 26. Kh1 Rxf3 27. Nxf3
Qc6 28. Qd3 Rf8 29. Rf1 Rf4 30. h3 Qe4 31. Qxe4 Rxe4 32. Nxe5 Rxe5 33. Rd1 d5
34. a4 Re2 35. b3 Re3 36. c4 Rxh3+ 37. Kg2 Rxb3 38. cxd5 exd5 39. Rxd5 Rb4 40.
Rd8+ Kf7 41. Rd7+ Kf6 42. Rd6+ Kg5 43. Rd7 g6 44. Rd5+ Kxg4 45. Re5 Rxa4 46. Re6
Ra2+ 47. Kh1 g5 48. Rxh6 Kg3 49. Rf6 Ra1+ 50. Rf1 Rxf1# {White checkmated} 0-1

[Event "Team 45 45 League T85"]
[Site "Internet Chess Club"]
[Date "2020.07.12"]
[Round "2"]
[White "Mitochondria"]
[Black "eevee11"]
[Result "1-0"]
[WhiteElo "1597"]
[BlackElo "1412"]
[Opening "Grünfeld: 5.Bg5"]
[ECO "D91"]
[Time "16:03:10"]
[TimeControl "2700+45"]

1. d4 Nf6 2. c4 g6 3. Nc3 d5 4. Nf3 Bg7 5. Bg5 Ne4 6. Bf4 Nxc3 7. bxc3 dxc4 8.
Qa4+ Bd7 9. Qxc4 Nc6 10. e3 O-O 11. Be2 Be6 12. Qc5 Qd7 13. Bb5 Bd5 14. O-O Bxf3
15. gxf3 Rfd8 16. Rfd1 Qe6 17. d5 Qh3 18. dxc6 Qxf3 19. Rxd8+ Rxd8 20. cxb7 Qxb7
21. Qxc7 Qxc7 22. Bxc7 Rc8 23. Bg3 Rxc3 24. Rd1 Ra3 25. Rd8+ Bf8 26. Bc4 a5 27.
Rc8 e6 28. Bd6 Rc3 29. Bxf8 Rc1+ 30. Kg2 Rxc4 31. Rxc4 Kxf8 32. a4 Kg7 33. Rc5
Kf8 34. Rxa5 Ke7 35. Rc5 Kd6 36. Rc1 f5 37. a5 Kd7 38. a6 Kd8 39. a7 Ke8 40. Rc7
Kd8 41. Rxh7 Kc8 42. a8=Q# {Black checkmated} 1-0